 Dungeon Crawl Stone Soup version 0.30-a0-1075-gcd70e7a56d (webtiles) character file.

Game seed: 12216306390102749433

312578 cforsyth the Stormcaller (level 21, -2/145 HPs)
             Began as an Octopode Summoner on Apr 14, 2023.
             Was an Initiate of Gozag.
             Slain by an ironbound preserver
             ... wielding a +0 great mace
              (34 damage)
             ... on level 2 of the Vaults.
             The game lasted 02:10:18 (50433 turns).

cforsyth the Stormcaller (Octopode Summoner)       Turns: 50433, Time: 02:10:18

Health: -2/145     AC:  3    Str: 16    XL:     21   Next: 31%
Magic:  50/55      EV: 28    Int: 32    God:    Gozag
Gold:   3531       SH:  5    Dex: 16    Spells: 19/44 levels left

rFire   + + +      SeeInvis +    O - melded +1 rapier "Pendulum" {vamp, Will+ Dex+3 Stlth+}
rCold   + + .      Faith    .    (shield currently unavailable)
rNeg    + . .      Spirit   .    C - melded +1 hat {Int+3}
rPois   ∞          Reflect  +    E - amulet "Piufyilohu" {Reflect Will+ Dex+4 SH+5}
rElec   +          Rampage  .    X - ring of Hestriu {Contam rF+++ rC++ rN+ MP+9}
rCorr   .                        V - ring of magical power
Will    ++...                    v - +6 ring of intelligence
Stlth   ++                       H - +4 ring of slaying
HPRegen 0.44/turn                P - ring of wizardry
MPRegen 0.34/turn                j - +6 ring of strength
                                 R - ring of see invisible
                                 Y - +4 ring of protection

@: about to teleport, storm-form, corroded, gold aura, flying
A: cleaving, insubstantial, flying, almost no armour, amphibious, 8 rings,
(camouflage 1), (gelatinous body 1), (nimble swimmer 1), (tentacles)
}: 2/15 runes: decaying, serpentine
a: Blinkbolt, End Transformation, Renounce Religion, Potion Petition, Call
Merchant, Bribe Branch


You were on level 2 of the Vaults.
You worshipped Gozag.
Gozag was most pleased with you.
You were a lightning-filled tempest!
You visited 7 branches of the dungeon, and saw 33 of its levels.
You also visited: Bailey and Ice Cave.

You collected 14944 gold pieces.
You spent 630 gold pieces at shops.
You paid 10783 gold pieces to Gozag.

Inventory:

Hand Weapons
 O - the +1 rapier "Pendulum" (melded) {vamp, Will+ Dex+3 Stlth+}
   (You found it on level 9 of the Dungeon)

   Dex:       It affects your dexterity (+3).
   Will:      It increases your willpower.
   Stlth:     It makes you more stealthy.
 U - the +7 flail of Lies {heavy, rElec rPois rF- rC+}
   (You found it on level 5 of the Lair of Beasts)

   rF:        It makes you vulnerable to fire.
   rC:        It protects you from cold.
   rElec:     It insulates you from electricity.
   rPois:     It protects you from poison.
Armour
 C - a +1 hat of intelligence (melded)
Jewellery
 b - a +5 ring of evasion
 f - an amulet of regeneration
 j - a +6 ring of strength (on tentacle)
 u - a ring of flight
 v - a +6 ring of intelligence (on tentacle)
 E - the amulet "Piufyilohu" (around neck) {Reflect Will+ Dex+4 SH+5}
   (You acquired it on level 1 of the Lair of Beasts)

   [amulet of reflection]

   It reflects blocked missile attacks.
   Dex:       It affects your dexterity (+4).
   SH:        It affects your SH (+5).
   Will:      It increases your willpower.
 H - a +4 ring of slaying (on tentacle)
 J - a ring of willpower
 P - a ring of wizardry (on tentacle)
 Q - a ring of poison resistance
 R - a ring of see invisible (on tentacle)
 V - a ring of magical power (right tentacle)
 X - the ring of Hestriu (left tentacle) {Contam rF+++ rC++ rN+ MP+9}
   (You acquired it on level 1 of the Lair of Beasts)

   [ring of positive energy]

   rF:        It renders you almost immune to fire.
   rC:        It greatly protects you from cold.
   rN:        It protects you from negative energy.
   MP:        It affects your magic capacity (+9).
   Contam:    It causes magical contamination when unequipped.
 Y - a +4 ring of protection (on tentacle)
 Z - a +6 ring of dexterity
Wands
 c - a wand of roots (17)
 g - a wand of mindburst (58)
 m - a wand of digging (8)
 y - a wand of light (12)
 F - a wand of polymorph (2)
 I - a wand of flame (30)
 L - a wand of charming (27)
Scrolls
 d - 5 scrolls of fog
 k - 2 scrolls of immolation
 p - 4 scrolls of magic mapping
 q - 11 scrolls of fear
 r - 6 scrolls of vulnerability
 s - 5 scrolls of identify
 t - 8 scrolls of poison
 w - 6 scrolls of teleportation
 A - 9 scrolls of blinking
 B - 2 scrolls of butterflies
 N - a scroll of enchant armour
 S - a scroll of torment
 W - 4 scrolls of silence
Potions
 a - 4 potions of magic
 e - 11 potions of haste
 h - 7 potions of heal wounds
 i - 7 potions of lignification
 l - 21 potions of curing
 n - 3 potions of brilliance
 o - 2 potions of resistance
 x - 5 potions of flight
 z - 8 potions of mutation
 D - 4 potions of invisibility
 G - a potion of ambrosia
 K - 3 potions of might
 M - a potion of berserk rage
 T - 4 potions of attraction


   Skills:
 - Level 13.2 Fighting
 - Level 13.4 Dodging
 - Level 2.6 Stealth
 + Level 11.4 Unarmed Combat
 - Level 12.1 Spellcasting
 - Level 2.0 Hexes
 - Level 13.5 Summonings
 + Level 17.2 Transmutations
 + Level 17.5 Air Magic


You had 19 spell levels left.
You knew the following spells:

 Your Spells              Type           Power      Damage    Failure   Level
a - Storm Form            Tmut/Air       46%        N/A       1%          7
b - Call Imp              Summ           100%       N/A       0%          2
c - Call Canine Familiar  Summ           82%        N/A       1%          3
d - Summon Guardian Gole  Hex/Summ       62%        N/A       1%          3
e - Summon Lightning Spi  Summ/Air       87%        N/A       1%          4
g - Summon Cactus Giant   Summ           41%        N/A       1%          6

Your spell library contained the following spells:

 Spells                   Type           Power      Damage    Failure   Level
 Beastly Appendage        Tmut           100%       N/A       0%          1
 Summon Small Mammal      Summ           100%       N/A       0%          1
 Wereblood                Tmut           92%        N/A       0%          2
 Sandblast                Erth           38%        2d10      1%          1
 Blink                    Tloc           38%        N/A       1%          2
 Cigotuvi's Dreadful Rot  Necr/Pois/Air  100%       N/A       1%          2
 Lesser Beckoning         Tloc           38%        N/A       1%          2
 Passwall                 Tmut/Erth      54%        N/A       1%          2
 Scorch                   Fire           38%        2d6       1%          2
 Dazzling Flash           Conj/Hex       50%        N/A       1%          3
 Ignite Poison            Fire/Tmut/Pois 54%        N/A       1%          3
 Spider Form              Tmut/Pois      65%        N/A       1%          3
 Vhi's Electric Charge    Tloc/Air       100%       N/A       1%          3
 Ice Form                 Ice/Tmut       65%        N/A       1%          4
 Summon Ice Beast         Ice/Summ       58%        N/A       1%          4
 Blade Hands              Tmut           46%        N/A       1%          5
 Silence                  Hex/Air        34%        N/A       1%          5
 Freezing Cloud           Conj/Ice/Air   27%        6-21      2%          5
 Frozen Ramparts          Ice            38%        1d6       3%          3
 Gell's Gravitas          Tloc           19%        N/A       3%          3
 Stone Arrow              Conj/Erth      38%        3d9       3%          3
 Teleport Other           Tloc           19%        N/A       3%          3
 Cause Fear               Hex            16%        N/A       4%          4
 Statue Form              Tmut/Erth      43%        N/A       4%          6
 Anguish                  Hex/Necr       12%        N/A       6%          4
 Leda's Liquefaction      Hex/Erth       12%        N/A       6%          4
 Flame Wave               Conj/Fire      19%        2d7       10%         4
 Manifold Assault         Tloc           19%        N/A       10%         4
 Metabolic Englaciation   Hex/Ice        12%        N/A       17%         5
 Agony                    Necr           19%        N/A       26%         5
 Borgnjor's Vile Clutch   Necr/Erth      9%         N/A       26%         5
 Malign Gateway           Summ/Tloc      29%        N/A       45%         7
 Iron Shot                Conj/Erth      9%         9d3       80%         6
 Enfeeble                 Hex            16%        N/A       97%         7
 Lehudib's Crystal Spear  Conj/Erth      9%         10d4      100%        8
 Animate Armour           Summ/Erth      Unusable   N/A       N/A         4

Dungeon Overview and Level Annotations

Branches:
Dungeon (15/15)            Temple (1/1) D:5            Lair (5/5) D:9
  Swamp (4/4) Lair:3        Snake (4/4) Lair:2        Slime (0/5) Lair:5
    Orc (2/2) D:11            Elf (0/3) Orc:2        Vaults (2/5) D:13
 Depths (0/4) D:15         Bailey (visited)           IceCv (visited)
  Crypt: Vaults:2-3

Altars:
Ashenzari
Cheibriados
Dithmenos
Elyvilon
Fedhas
Gozag
Hepliaklqana
Kikubaaqudgha
Nemelex Xobeh
Okawaru
Qazlal
Ru
Sif Muna
Trog
Uskayaw
Vehumet
Wu Jian
Yredelemnul
Zin
The Shining One
Jiyva

Shops:
D:4 *   D:13 ?   D:14 *   Orc:2 !*[:(   Lair:1 :=:*=?**!?   Snake:1 !


Innate Abilities, Weirdness & Mutations

You are a lightning-filled tempest!
Your electrical attacks strike out in all directions at once.
You are incredibly evasive.
Your insubstantial body is immune to petrification, constriction, and being set on fire You are flying.
You are immune to poison.
Your armour is entirely melded.
You are incapable of wielding weapons or throwing items.
You cannot wear most types of armour.
You are amphibious.
You can wear up to eight rings at the same time.
((Your skin changes colour to match your surroundings (Stealth+).))
((Your rubbery body absorbs attacks. (AC +1, EV +1)))
((You are camouflaged when in or above water. (Stealth+)))
((You have tentacles for arms and can constrict up to eight enemies at once.))


Message History

The very large slime creature is no longer distracted by gold.
The vault guard closely misses you.
You closely miss the vault guard.
The vault guard is almost dead.
You block the vault guard's attack.
Your cactus giant hits the vault guard with a +0 giant spiked club.
You batter the vault guard!!
You kill the vault guard!
The yaktaur is no longer distracted by gold.
You buffet the vault guard!
Lightning courses through the vault guard!
The vault guard is moderately wounded.
The vault guard completely misses you.
The vault guard hits your cactus giant with a +0 battleaxe.
The ironbound thunderhulk is struck by your cactus giant's spines.
The ironbound thunderhulk hits your cactus giant with a +0 dire flail of venom!!!
You hear a shout!
You blast the vault guard!!!
Lightning courses through the vault guard!
You kill the vault guard!
Your cactus giant hits the ironbound thunderhulk with a +0 giant spiked club!
You batter the ironbound thunderhulk!!
The ironbound thunderhulk is severely wounded.
The ironbound thunderhulk hits you with a +0 dire flail of venom!!
* * * LOW HITPOINT WARNING * * *
You batter the ironbound thunderhulk!!
The ironbound thunderhulk is almost dead.
The ironbound preserver is struck by your cactus giant's spines.
The ironbound preserver hits your cactus giant with a +0 great mace!!
You batter the ironbound thunderhulk!!
You kill the ironbound thunderhulk!
The very large slime creature is distracted by your dazzling golden aura.
Your cactus giant hits the ironbound preserver with a +0 giant spiked club!
As you read the scroll of teleportation, it crumbles to dust.
You feel strangely unstable.
The entropy weaver gestures at you while chanting.
The entropic weave corrodes you!
The ironbound preserver hits you with a +0 great mace!!
You die...
Your body crumbles into a pile of gold.

#...#.T J../. #........
#...#.###...# .#........
#.).#...#.J.# ..#.B.p....
#...#...#JTc#.. #.pp.....
#...#.....JcJ #...B....
#...#############.Bp.....
#.......CB$pOBp...C......
#.......p#############...
#.......v# #.)......#
#....(...# #........#
#........# #........#
#........# #........#
#........#


You could see an ironbound preserver (ally target), an entropy weaver, a very
large slime creature (unaware), 2 yaktaurs and a friendly cactus giant
(summoned).

Vanquished Creatures
  Bai Suzhen (Swamp:3)
  the Lernaean hydra (Swamp:4)
  Nikola (Vaults:1)
  Jorgrun (Snake:3)
  Kirke (Swamp:3)
  Roxanne (Swamp:1)
  A fenstrider witch (Swamp:2)
  5 nagarajas
  2 vault wardens
  The ghost of Zun Fouw the Bludgeoner, a journeyman DsGl of Hepliaklqana (D:15)
  5 ironbound preservers
  An orc warlord (Vaults:1)
  Aizul (Swamp:1)
  5 very ugly things
  6 dire elephants
  2 ironbound thunderhulks
  9 bunyips
  3 eleionomae
  An entropy weaver (Vaults:1)
  A fire dragon (D:15)
  11 hydras
  2 yaktaur captains
  2 shambling mangroves
  3 vault guards (Vaults:2)
  A catoblepas (D:15)
  3 salamander tyrants
  A ghost crab (Swamp:3)
  4 ironbound frosthearts (Vaults:1)
  A caustic shrike simulacrum (IceCv)
  2 spriggan air magi
  A centaur warrior (D:14)
  8 anacondas
  18 naga warriors
  14 alligators
  10 naga sharpshooters
  An orc high priest (Orc:2)
  6 shock serpents
  2 spriggan berserkers
  3 salamander mystics
  12 swamp dragons
  A goliath frog (Swamp:2)
  5 spriggan druids
  2 sea snakes (Snake:4)
  12 deep trolls (Vaults:1)
  10 slime creatures
  2 orange crystal statues (IceCv)
  2 bog bodies
  7 naga ritualists
  4 wizards
  A tengu zombie (D:15)
  2 deep elf pyromancers (D:15)
  3 ironbound convokers
  3 orc knights (Vaults:1)
  A harpy (Vaults:1)
  A cyclops (D:14)
  8 ugly things (Vaults:1)
  9 mana vipers
  4 will-o-the-wisps
  16 salamanders
  33 black mambas
  15 naga magi
  9 vault sentinels
  9 guardian serpents
  2 ice statues (Swamp:3)
  2 golden dragon simulacra (IceCv)
  3 freezing wraiths
  5 yaktaurs
  7 tyrant leeches
  3 blink frogs
  13 hornets
  15 spriggans
  4 yaks
  A basilisk (D:15)
  A hog (Swamp:3)
  2 redbacks
  13 vampire mosquitoes
  48 nagas
  3 harpy simulacra (IceCv)
  14 swamp worms
  3 hydra simulacra (IceCv)
  3 water moccasins
  A water moccasin (shapeshifter) (D:15)
  9 swamp drakes
  An ice beast (Vaults:1)
  A black bear (D:15)
  An ettin simulacrum (IceCv)
  3 alligator simulacra (IceCv)
  5 boggarts
  3 wolves
  A scorpion (D:4)
  A lindwurm simulacrum (IceCv)
  A howler monkey (D:12)
  2 iguanas
  An orc wizard (Orc:2)
  6 adders
  2 worms
  3 orcs
  2 ball pythons
  3 endoplasms
  2 giant cockroaches
  3 goblins
  3 hobgoblins (D:1)
  A quokka (D:1)
  2 bats
  2 frilled lizards (D:1)
  5 kobolds
  A rat (D:1)
520 creatures vanquished.

Vanquished Creatures (collateral kills)
  Agnes (D:14)
  Louise (D:14)
  An orc warlord (Orc:2)
  An ironbound preserver (Vaults:1)
  A very ugly thing (IceCv)
  An eleionoma (Swamp:1)
  Azrael (D:12)
  A quicksilver dragon zombie (D:15)
  Fannar (Lair:1)
  4 hydras
  A catoblepas (Lair:5)
  2 anacondas (Snake:1)
  An alligator (Lair:4)
  4 boulder beetles
  2 dancing weapons (D:13)
  2 centaur warriors
  6 two-headed ogres
  6 death yaks
  2 tengu warriors
  Urug (Lair:1)
  2 orc high priests
  A spriggan (Swamp:1)
  A spriggan berserker (Swamp:2)
  A shock serpent (Snake:1)
  A naga sharpshooter (Snake:1)
  Sonja (D:9)
  A fire crab (Lair:4)
  A goliath frog (Lair:5)
  2 skeletal warriors (D:15)
  A glowing orange brain (D:14)
  A phantasmal warrior (D:15)
  A necromancer (D:15)
  4 orc knights
  A wolf spider (Lair:2)
  7 orc sorcerers
  6 ugly things
  3 salamanders
  4 cyclopes (D:14)
  3 manticores
  A stone giant zombie (D:15)
  14 elephants
  4 black mambas
  A guardian serpent (Snake:1)
  4 naga magi
  A gargoyle (D:12)
  11 komodo dragons
  6 rime drakes
  21 cane toads
  3 efreet
  A kobold demonologist (D:9)
  6 polar bears
  2 tyrant leeches (Lair:5)
  5 trolls
  A wolf spider simulacrum (D:14)
  2 hornets
  A raiju (shapeshifter) (D:15)
  21 blink frogs
  5 dream sheep (Lair:5)
  Prince Ribbit (D:9)
  An ettin zombie (D:15)
  11 slime creatures
  3 wyverns
  2 vampires
  2 dire elephant simulacra (IceCv)
  A spriggan (shapeshifter) (D:14)
  A nameless horror (D:9)
  4 wraiths
  53 yaks
  Grum (Lair:1)
  5 basilisks
  2 steam dragons
  2 fire elementals (D:12)
  8 vampire mosquitoes
  8 nagas
  3 wargs (Orc:2)
  3 acid dragons
  3 hell hounds
  24 orc warriors
  11 water moccasins
  An ice beast (D:8)
  2 ettin simulacra (IceCv)
  A sky beast (D:7)
  4 black bears
  6 ogres
  23 wolves
  2 centaurs
  13 bullfrogs
  2 kobold brigands
  A gnoll sergeant (D:12)
  4 scorpions
  A wight (D:7)
  3 killer bees (D:8)
  An electric eel (Lair:5)
  4 howler monkeys
  4 lava snakes (Lair:2)
  8 hounds
  5 jellies
  17 orc priests
  A gnoll bouda (D:9)
  A hell rat (Lair:4)
  3 iguanas
  18 orc wizards
  10 gnolls
  5 adders
  2 shadow imps (D:8)
  4 white imps
  An ufetubus (D:4)
  A worm (D:3)
  A dart slug (D:1)
  53 orcs
  6 endoplasms
  2 giant cockroaches
  4 hobgoblins
  A quokka (D:1)
  3 ball pythons
  3 bats (D:3)
  A frilled lizard (D:3)
  8 goblins
  31 kobolds
  6 rats
  3 butterflies
611 creatures vanquished.

Vanquished Creatures (others)
  Mlioglotl (Snake:1)
  An orc warlord (Bailey)
  A dire elephant (Snake:2)
  Harold (Lair:1)
  A hydra (D:9)
  An alligator (Swamp:1)
  Erica (D:10)
  A naga warrior (Snake:1)
  3 two-headed ogres
  2 death yaks (Lair:3)
  An orc high priest (Orc:2)
  A deep elf knight (Snake:2)
  A salamander mystic (Snake:4)
  A goliath frog (Lair:5)
  A naga ritualist (Snake:4)
  A deep elf archer (Snake:2)
  A mana viper (Snake:1)
  A will-o-the-wisp (Swamp:4)
  2 elephants (Lair:4)
  A black mamba (Lair:4)
  A gargoyle (D:8)
  3 cane toads
  A yaktaur (Vaults:1)
  2 bloated husks
  2 wraiths
  11 yaks
  A wyvern (D:5)
  A steam dragon (D:7)
  A basilisk (D:9)
  A vampire mosquito (Lair:5)
  2 centaurs (D:5)
  2 ogres
  A kobold brigand (D:8)
  A bullfrog (Lair:5)
  A scorpion (D:5)
  9 killer bees (D:9)
  A gnoll bouda (D:9)
  2 orc priests (Orc:2)
  An iguana (D:5)
  2 orc wizards (D:5)
  A gnoll (D:9)
  An orc (D:5)
  2 kobolds (D:8)
  14 foxfires
  50 fungi
  138 plants
  18 withered plants
294 creatures vanquished.

Grand Total: 1425 creatures vanquished

Notes
Turn   | Place    | Note
-------+----------+-------------------------------------------
     0 | D:1      | cforsyth the Octopode Summoner began the quest for the Orb.
     0 | D:1      | Reached XP level 1. HP: 11/11 MP: 3/3
   238 | D:1      | Reached XP level 2. HP: 17/17 MP: 3/5
   310 | D:1      | Learned a level 2 spell: Call Imp
   381 | D:1      | Found a faded altar of an unknown god.
   603 | D:1      | Reached XP level 3. HP: 16/21 MP: 3/6
  1492 | D:2      | Learned a level 3 spell: Call Canine Familiar
  1766 | D:3      | Reached XP level 4. HP: 27/27 MP: 5/8
  1770 | D:3      | Learned a level 3 spell: Summon Guardian Golem
  1812 | D:3      | Reached skill level 5 in Summonings
  2005 | D:3      | Reached XP level 5. HP: 31/31 MP: 5/10
  2869 | D:4      | Found Basaz's General Store.
  2992 | D:4      | Noticed an ogre
  3006 | D:4      | Killed an ogre
  3007 | D:4      | Reached XP level 6. HP: 36/36 MP: 9/12
  3570 | D:4      | Found a blossoming altar of Fedhas.
  3581 | D:4      | Found a glowing silver altar of Zin.
  3838 | D:4      | Learned a level 4 spell: Summon Lightning Spire
  3848 | D:5      | Entered Level 5 of the Dungeon
  3848 | D:5      | Noticed a wyvern
  3855 | D:5      | Killed a wyvern
  3856 | D:5      | Reached skill level 1 in Hexes
  3856 | D:5      | Reached skill level 1 in Air Magic
  3856 | D:5      | Reached XP level 7. HP: 41/41 MP: 10/14
  3882 | D:5      | Reached skill level 5 in Spellcasting
  4226 | D:5      | Found a staircase to the Ecumenical Temple.
  4237 | Temple   | Entered the Ecumenical Temple
  4258 | Temple   | Became a worshipper of Gozag Ym Sagoz the Greedy
  4665 | D:5      | Reached XP level 8. HP: 46/46 MP: 11/16
  6038 | D:6      | Reached XP level 9. HP: 51/51 MP: 9/19
  6789 | D:7      | Found a sacrificial altar of Ru.
  7446 | D:7      | Found a shimmering blue altar of Sif Muna.
  8139 | D:7      | Found an ornate altar of the Wu Jian Council.
  8139 | D:7      | You fall into a shaft and drop 3 floors!
  8139 | D:10     | Entered Level 10 of the Dungeon
  8158 | D:10     | Noticed Erica
  8167 | D:10     | Killed Erica
  8198 | D:10     | Reached skill level 10 in Summonings
  8198 | D:10     | Reached XP level 10. HP: 56/56 MP: 13/22
  8294 | D:9      | Found a flagged portal.
  8297 | D:9      | Noticed Prince Ribbit
  8314 | D:9      | Killed Prince Ribbit
  8333 | Bailey   | Entered a bailey
  8400 | Bailey   | Noticed an orc warlord
  8535 | Bailey   | Found a runed translucent gate.
  8535 | Bailey   | Found a runed translucent gate.
  8535 | Bailey   | Found a runed translucent gate.
  9058 | Bailey   | Killed an orc warlord
  9390 | D:9      | Reached skill level 1 in Transmutations
 10002 | D:8      | Noticed a gargoyle
 10014 | D:8      | Killed a gargoyle
 10015 | D:8      | Reached skill level 10 in Spellcasting
 10303 | D:9      | Found a glowing golden altar of the Shining One.
 10365 | D:9      | Noticed a two-headed ogre
 10385 | D:9      | Killed a two-headed ogre
 10386 | D:9      | Reached XP level 11. HP: 61/61 MP: 17/25
 10541 | D:8      | Found a sparkling altar of Nemelex Xobeh.
 10585 | D:8      | Found a snail-covered altar of Cheibriados.
 11072 | D:8      | Found a shadowy altar of Dithmenos.
 11501 | D:9      | Identified the +1 rapier "Pendulum" {vamp, Will+ Dex+3
                  | Stlth+}
 11524 | D:9      | Noticed a four-headed hydra
 11531 | D:9      | Killed a four-headed hydra
 11544 | D:9      | Noticed a two-headed ogre
 11552 | D:9      | Killed a two-headed ogre
 11672 | D:9      | Found an iron altar of Okawaru.
 12186 | D:9      | Found a staircase to the Lair.
 12522 | D:10     | Noticed a two-headed ogre
 12541 | D:10     | Killed a two-headed ogre
 12870 | D:10     | Reached XP level 12. HP: 66/66 MP: 24/28
 13618 | Lair:1   | Entered Level 1 of the Lair of Beasts
 13729 | Lair:1   | Bought a book of Scorching for 540 gold pieces
 13740 | Lair:1   | Acquired the amulet "Piufyilohu" {Reflect Will+ Dex+4 SH+5}
 13752 | Lair:1   | Noticed a death yak
 13761 | Lair:1   | Noticed Urug
 13768 | Lair:1   | Noticed a death yak
 13771 | Lair:1   | Killed a death yak
 13772 | Lair:1   | Reached skill level 1 in Fighting
 13772 | Lair:1   | Noticed a death yak
 13774 | Lair:1   | Noticed a death yak
 13776 | Lair:1   | Killed a death yak
 13777 | Lair:1   | Killed a death yak
 13779 | Lair:1   | Killed a death yak
 13784 | Lair:1   | Killed Urug
 14064 | Lair:1   | Learned a level 6 spell: Summon Cactus Giant
 14087 | Lair:1   | Noticed Grum
 14098 | Lair:1   | Reached skill level 5 in Dodging
 14115 | Lair:1   | Noticed Sonja
 14879 | D:9      | Killed Sonja
 14880 | D:9      | Reached skill level 5 in Fighting
 15089 | Lair:1   | Killed Grum
 15148 | Lair:1   | Noticed Harold
 15163 | Lair:1   | Killed Harold
 15418 | Lair:1   | Noticed Fannar
 15428 | Lair:1   | Killed Fannar
 16013 | Lair:2   | Reached XP level 13. HP: 85/85 MP: 10/29
 17232 | Lair:2   | Found a staircase to the Snake Pit.
 18181 | Lair:3   | Acquired 862 gold pieces
 18300 | Lair:3   | Found a staircase to the Swamp.
 19571 | Lair:1   | Bought a scroll of teleportation for 54 gold pieces
 19571 | Lair:1   | Bought a scroll of identify for 36 gold pieces
 19623 | Lair:4   | Reached skill level 10 in Dodging
 19653 | Lair:4   | Reached skill level 10 in Fighting
 20040 | Lair:4   | Reached XP level 14. HP: 99/99 MP: 14/30
 21857 | Lair:5   | Entered Level 5 of the Lair of Beasts
 23763 | Lair:5   | Identified the +7 flail of Lies {heavy, rElec rPois rF-
                  | rC+}
 23842 | Lair:5   | Found a viscous altar of Jiyva.
 23881 | Lair:5   | Found a staircase to the Slime Pits.
 24118 | Lair:5   | Reached XP level 15. HP: 109/109 MP: 25/31
 24889 | Lair:5   | Reached skill level 5 in Air Magic
 24889 | Lair:5   | Reached XP level 16. HP: 117/117 MP: 32/32
 24890 | Lair:5   | Reached XP level 17. HP: 123/123 MP: 33/33
 24899 | Lair:5   | Learned a level 7 spell: Storm Form
 25444 | D:11     | Found a staircase to the Orcish Mines.
 26439 | D:12     | Noticed Azrael
 26446 | D:12     | Killed Azrael
 27040 | Orc:1    | Entered Level 1 of the Orcish Mines
 27308 | Orc:2    | Entered Level 2 of the Orcish Mines
 28343 | Orc:2    | Found a staircase to the Elven Halls.
 28780 | Orc:2    | Found Kuteogg's General Store.
 28781 | Orc:2    | Found Xeete's Book Emporium.
 28783 | Orc:2    | Found Xizovued's Antique Armour Emporium.
 28783 | Orc:2    | Found Eduagh's Antique Weapon Shoppe.
 29027 | Orc:2    | Found Vetulo's Distillery.
 29490 | Lair:1   | Acquired the ring of Hestriu {Contam rF+++ rC++ rN+ MP+9}
 29636 | D:13     | Found Kutippuo's Magic Scroll Emporium.
 29696 | D:13     | Got the Meditations on Cold and the Voyage
 30000 | D:13     | Found a gate to the Vaults.
 30621 | D:14     | Reached skill level 10 in Air Magic
 30655 | D:14     | Noticed Agnes
 30662 | D:14     | Killed Agnes
 30920 | D:14     | Got the Directory of Erosion
 30970 | D:14     | Noticed Louise
 30987 | D:14     | Killed Louise
 31302 | D:14     | Found Cenozan's Overcharged Wands.
 31521 | D:14     | Found a hazy altar of Hepliaklqana.
 31566 | D:15     | Entered Level 15 of the Dungeon
 31616 | D:15     | Reached skill level 10 in Transmutations
 31853 | D:15     | Found a staircase to the Depths.
 32345 | D:15     | Reached XP level 18. HP: 128/128 MP: 34/34
 32646 | D:15     | Found a runed translucent door.
 32649 | D:15     | Identified the +1 trident of Nyothol {speed, Int+5}
 32649 | D:15     | Noticed Zun Fouw's ghost (journeyman DsGl)
 32871 | D:15     | Killed Zun Fouw's ghost
 33392 | Snake:1  | Entered Level 1 of the Snake Pit
 33563 | Snake:1  | Identified the +1 chain mail of Eternal Night {Rampage
                  | rCorr Str+5 Slay-6}
 34195 | Snake:1  | Noticed Mlioglotl
 34207 | Snake:1  | Killed Mlioglotl
 34731 | Snake:1  | Found Hisuig's Distillery.
 37728 | Snake:3  | Noticed Jorgrun
 37742 | Snake:3  | Killed Jorgrun
 38568 | Snake:4  | Entered Level 4 of the Snake Pit
 38583 | Snake:4  | Reached skill level 1 in Unarmed Combat
 38785 | Snake:4  | Reached XP level 19. HP: 48/134 MP: 1/35
 39914 | Snake:4  | Reached skill level 5 in Unarmed Combat
 41024 | Snake:4  | Reached skill level 15 in Air Magic
 41127 | Snake:4  | Got a serpentine rune of Zot
 41593 | Swamp:1  | Entered Level 1 of the Swamp
 41790 | Swamp:1  | Noticed Aizul
 41799 | Swamp:1  | Killed Aizul
 42056 | Swamp:1  | Identified Roxanne's Handbook of the Gargoyle
 42056 | Swamp:1  | Noticed Roxanne
 42559 | Swamp:1  | Killed Roxanne
 42854 | Swamp:2  | Reached skill level 15 in Transmutations
 43451 | Swamp:2  | Reached XP level 20. HP: 140/140 MP: 36/36
 43855 | Swamp:3  | Found a frozen archway.
 43855 | Swamp:3  | Noticed Kirke
 43858 | Swamp:3  | Noticed Bai Suzhen
 43869 | IceCv    | Entered an ice cave
 44673 | Swamp:3  | Killed Kirke
 44794 | Swamp:3  | Found an ornate altar of the Wu Jian Council.
 44880 | Swamp:3  | Killed Bai Suzhen
 45553 | Swamp:4  | Entered Level 4 of the Swamp
 46588 | Swamp:4  | Noticed the 27-headed Lernaean hydra
 46595 | Swamp:4  | Killed the 27-headed Lernaean hydra
 47107 | Swamp:4  | Got a decaying rune of Zot
 47531 | Vaults:1 | Entered Level 1 of the Vaults
 47879 | Vaults:1 | Reached skill level 10 in Unarmed Combat
 48938 | Vaults:1 | Noticed Nikola
 48962 | Vaults:1 | Killed Nikola
 48963 | Vaults:1 | Reached XP level 21. HP: 132/145 MP: 37/37
 50433 | Vaults:2 | Slain by an ironbound preserver

Illustrated notes

Levels and vault maps discovered:
D:1:      minmay_arrival_semitransparent, layout_basic,
          dreamdust_ecumenical_altar_grove, dreamdust_princess_bridge
D:2:      wander_river, layout_basic
D:3:      minmay_razor_zed, layout_basic, chequers_mini_garden
D:4:      layout_cave_pools, minitemple, serial_shops,
          nicolae_shop_temple_entry_statues_fountains,
          kennysheep_cluttered_room, corexii_hall_statues_deadend
D:5:      layout_basic, minmay_temple_entry_glass
D:6:      layout_gridville, dreamdust_gnoll_farm
D:7:      layout_loops_corners, mainiacjoe_overflow_big_doors,
          mainiacjoe_overflow_alcove_4, kennysheep_generic_room_4
D:8:      layout_rooms, cheibriados_altar_1, nemelex_xobeh_ov_fountains_minmay,
          amcnicky_altar_gilded, serial_ice, serial_ice_g, serial_ice_o,
          serial_ice_h, serial_ice_b
D:9:      minmay_distorted_concentric_squares, layout_rooms, kennysheep_mini,
          mainiacjoe_overflow_six_doors_small, erik_lair_dragon, enter_bailey_6,
          uniq_prince_ribbit1
D:10:     layout_basic, chequers_serial_rivers_room_b, uniq_erica
D:11:     layout_rooms, orc_0_dummy
D:12:     layout_grid_maze, uniq_azrael
D:13:     layout_loops_corners, erik_vaults_1, serial_shops,
          nicolae_stop_n_shop_1
D:14:     minmay_cut_squares, layout_long_grid,
          nicolae_hepliaklqana_hippocampus, nicolae_shop_overcharged_wands,
          uniq_louise, uniq_agnes
D:15:     gammafunk_depths_entry_grave, layout_gridville,
          minmay_misc_feat_encased, ebering_ghost_funeral_grove
Temple:   nicolae_temple_bog_church
Lair:1:   layout_loops_ring, serial_bayou_pond_c, pdpol_lair_neglected_garden,
          uniq_fannar, uniq_urug, uniq_harold, uniq_grum, uniq_sonja
Lair:2:   layout_cave_pods, nicolae_snake_entry_warm_welcome,
          nicolae_lair_run_with_the_wolves, grunt_megastairs_5,
          lemuel_fruit_fields, serial_bayou_shore_b, serial_bayou_shore_a
Lair:3:   layout_cave_pods, minmay_swamp_entry_swarm
Lair:4:   layout_layer_cave, nicolae_lair_lakeside_cave, lemuel_fruit_fields
Lair:5:   minmay_lair_end_frog_pond, layout_regular_city,
          nicolae_slime_entry_field_trip
Swamp:1:  layout_basic_swamp, serial_swamp_ruin, evilmike_swamp_ruin_house_3,
          evilmike_swamp_ruin_house_1, evilmike_swamp_ruin_rubble_2,
          swamp_pool2, ldierk_geyser, uniq_roxanne, uniq_aizul
Swamp:2:  layout_basic_swamp, nicolae_swamp_orc_logging_accident,
          nicolae_swamp_bunyip_nook
Swamp:3:  layout_basic_swamp, portal_ice_cave_entry_ice_statue_two,
          nicolae_swamp_godswood, hangedman_swamp_lotus, hangedman_swamp_pad,
          infiniplex_staircase_pool, uniq_kirke, uniq_bai_suzhen
Swamp:4:  swamp, layout_basic_swamp
Snake:1:  layout_chambers, serial_shops, shop, uniq_mlioglotl
Snake:2:  layout_chambers, beargit_elvish_explorers
Snake:3:  layout_misc_corridors, hangedman_corner_corridor, grunt_megastairs_4,
          uniq_jorgrun
Snake:4:  johnstein_snake_rune_scales, layout_misc_corridors,
          nicolae_snake_springs
Orc:1:    layout_caves, uniq_josephine
Orc:2:    st_orc_congregation, layout_caves, serial_shops, shop
Vaults:1: vaults_room_large_hall, v_misc_14, v_misc_22, v_pattern_4,
          nicolae_vaults_murderbox, ontoclasm_vaults_ligature, v_alt_pattern_5,
          v_misc_8, serial_ice_h, vaults_mumra_chevron, v_alt_pattern_6,
          vaults_room_stairs_pillars, hangedman_vaults_stitches,
          ontoclasm_vaults_loading_screen, hangedman_vaults_nails,
          layout_vaults_omnibox, uniq_nikola
Vaults:2: vaults_dpeg_cross, v_misc_2, v_pattern_1, st_diamondy, v_misc_2,
          v_misc_2, vaults_dpeg_spiral, vaults_mumra_chevron_long,
          grunt_vaults_hallway_short, ontoclasm_vaults_fault,
          ontoclasm_vaults_gateway, layout_vaults_chaotic_city

Skill      XL: |  1  2  3  4  5  6  7  8  9 10 11 12 13 14 15 16 17 18 19 20 21 |
---------------+----------------------------------------------------------------+-----
Spellcasting   | 3 4 5 6 8 10 12 | 12.1
Summonings     | 5 6 8 10 11 13 | 13.5
Hexes          | 1 2 |  2.0
Air Magic      | 1 2 4 5 7 11 14 15 17 | 17.5
Transmutations | 2 4 6 10 13 15 16 17 | 17.2
Fighting       | 6 10 12 13 | 13.2
Dodging        | 7 10 13 | 13.4
Unarmed Combat | 2 7 10 11 | 11.4
Stealth        | |  2.6

Action                     |  1- 3 |  4- 6 |  7- 9 | 10-12 | 13-15 | 16-18 | 19-21 || total
---------------------------+-------+-------+-------+-------+-------+-------+-------++-------
  Melee: Unarmed           |    63 |    48 |     6 |    27 |     5 |   454 |   826 ||  1429
         Tentacles         |    18 |     8 |     6 |     5 |    10 |    15 |     1 ||    63
         Constrict         |    17 |    15 |     5 |     4 |     7 |    10 |     1 ||    59
         Rapier            |       |       |       |       |    32 |    42 |    13 ||    87
         Punch             |       |       |       |       |     2 |    18 |    67 ||    87
   Cast: Summon Small Mamm |    42 |    23 |    32 |    30 |    10 |     2 |     1 ||   140
         Call Imp          |    12 |    13 |    22 |    24 |    11 |    12 |       ||    94
         Call Canine Famil |     3 |    14 |    34 |    45 |    30 |    20 |     3 ||   149
         Summon Guardian G |       |     2 |    18 |    59 |    42 |    28 |     3 ||   152
         Summon Lightning  |       |       |     9 |    29 |    51 |    47 |     5 ||   141
         Summon Cactus Gia |       |       |       |    14 |    76 |    91 |    26 ||   207
         Storm Form        |       |       |       |       |       |    57 |    94 ||   151
 Invoke: Call Merchant     |       |       |       |     2 |     3 |     2 |     3 ||    10
Ability: Blinkbolt         |       |       |       |       |       |     2 |    32 ||    34
         End Transformatio |       |       |       |       |       |     1 |     3 ||     4
  Evoke: Wand              |       |       |       |       |       |     1 |       ||     1
    Use: Scroll            |       |       |     6 |     7 |     5 |    13 |     8 ||    39
         Potion            |       |       |       |     4 |     1 |     1 |     3 ||     9
   Stab: Sleeping          |     3 |       |       |       |       |     1 |     2 ||     6
         Distracted        |       |     1 |       |     1 |     4 |     3 |     8 ||    17
 Armour: Skin              |     5 |     2 |     2 |    10 |     4 |   124 |   198 ||   345
  Dodge: Dodged            |    49 |    56 |    38 |   123 |   153 |   538 |   828 ||  1785
  Block: Other             |       |       |       |    10 |    46 |   123 |   147 ||   326
         Reflection        |       |       |       |       |       |    14 |     5 ||    19

Table legend: (Time is in decaauts)
 A = Elapsed time spent in this place.
 B = Non-inter-level travel time spent in this place.
 C = Inter-level travel time spent in this place.
 D = Time resting spent in this place.
 E = Time spent auto-exploring this place.
 F = Levels seen in this place.
 G = Mean time per level.
                   A        B        C        D        E       F      G
               +--------+--------+--------+--------+--------+-----+--------+
         Total |  50383 |  47893 |   2490 |   6407 |  31656 |  35 | 1439.5 |
       Dungeon |  20059 |  18542 |   1517 |   2344 |  12767 |  15 | 1337.3 |
        Temple |     30 |     21 |      9 |      0 |     11 |   1 |   30.0 |
          Lair |  10568 |  10054 |    514 |   1758 |   6285 |   5 | 2113.6 |
         Swamp |   5028 |   4899 |    129 |    615 |   3237 |   4 | 1257.0 |
     Snake Pit |   8104 |   7877 |    227 |    630 |   5511 |   4 | 2026.0 |
  Orcish Mines |   2338 |   2303 |     35 |    317 |   1415 |   2 | 1169.0 |
        Vaults |   2570 |   2513 |     57 |      0 |   2081 |   2 | 1285.0 |
        Bailey |    996 |    996 |      0 |    436 |    135 |   1 |  996.0 |
      Ice Cave |    686 |    686 |      0 |    307 |    214 |   1 |  686.0 |
               +--------+--------+--------+--------+--------+-----+--------+

Top non-repeatable levels by time:
     D:9: 3786 daAuts
  Lair:4: 3040 daAuts
 Snake:4: 2717 daAuts
Vaults:1: 2258 daAuts
  Lair:2: 2200 daAuts
  Lair:5: 2049 daAuts
   Orc:2: 1960 daAuts
 Snake:2: 1921 daAuts
 Snake:1: 1782 daAuts
 Snake:3: 1683 daAuts
  Lair:1: 1672 daAuts
     D:6: 1619 daAuts
    D:15: 1607 daAuts
  Lair:3: 1605 daAuts
     D:7: 1475 daAuts
